 Seeded DCSS version 0.30.1-4-g462c640d31 (webtiles) character file.

Game seed: 6351066067085065685 (custom seed)

51 Esekla the Magician (level 3, -5/19 HPs)
             Began as a Deep Elf Wanderer on Sept 18, 2023.
             Was a Follower of Vehumet.
             Slain by a gnoll
             ... wielding a +0 spear
              (8 damage)
             ... on level 3 of the Dungeon.
             The game lasted 00:18:50 (2283 turns).

Esekla the Magician (Deep Elf Wanderer)             Turns: 2283, Time: 00:18:51

Health: -5/19      AC:  4    Str: 11    XL:     3   Next: 57%
Magic:  1/11       EV: 11    Int: 19    God:    Vehumet [*.....]
Gold:   195        SH:  3    Dex: 11    Spells: 2/12 levels left

rFire   . . .        a - +1 short sword (freeze)
rCold   . . .        d - +0 buckler
rNeg    . . .        c - +0 robe
rPois   .            l - +0 helmet
rElec   .            (no cloak)
rCorr   .            k - +0 pair of gloves
SInv    .            (no boots)
Will    .....        (no amulet)
Stlth   ++           (no ring)
HPRegen 0.23/turn    (no ring)
MPRegen 0.12/turn

%: no passive effects
@: very slightly contaminated
A: no striking features
a: Renounce Religion


You were on level 3 of the Dungeon.
You worshipped Vehumet.
Vehumet was aware of your devotion.
You visited 1 branch of the dungeon, and saw 4 of its levels.

You collected 195 gold pieces.

Inventory:

Hand Weapons
 a - a +1 short sword of freezing (weapon)
 s - the +5 rapier of the Hero {heavy, rN+ Dex+3}
   (You found it on level 3 of the Dungeon)

   Dex:       It affects your dexterity (+3).
   rN:        It protects you from negative energy.
 u - a +0 club
Armour
 c - a +0 robe (worn)
 d - a +0 buckler (worn)
 k - a +0 pair of gloves (worn)
 l - a +0 helmet (worn)
Wands
 i - a wand of roots (9)
Scrolls
 g - 3 scrolls of identify {unknown}
 n - 2 scrolls of enchant weapon {unknown}
 o - a scroll of amnesia {unknown}
 p - a scroll of enchant armour {unknown}
 q - a scroll of immolation {unknown}
 t - a scroll of fog {unknown}
Potions
 b - a potion of lignification
 e - a potion of ambrosia {unknown}
 f - 2 potions of attraction {unknown}
 h - a potion of heal wounds {unknown}
 j - 2 potions of curing {unknown}
 m - a potion of mutation {unknown}
 r - 2 potions of brilliance {unknown}


   Skills:
 + Level 0.1 Short Blades
 * Level 1.4 Dodging
 + Level 1.2 Stealth
 + Level 1.5 Shields
 * Level 5.2 Spellcasting
 + Level 0.4 Conjurations
 * Level 1.8 Necromancy
 + Level 2.4 Translocations
 + Level 1.1 Invocations


You had 2 spell levels left.
You knew the following spells:

 Your Spells              Type           Power      Damage    Failure   Level
a - Magic Dart            Conj           24%        1d4       14%         1
b - Blink                 Tloc           28%        N/A       10%         2
d - Vampiric Draining     Necr           11%        2d6       26%         3
p - Apportation           Tloc           28%        N/A       6%          1
t - Teleport Other        Tloc           14%        N/A       19%         3

Your spell library contained the following spells:

 Spells                   Type           Power      Damage    Failure   Level
 Foxfire                  Conj/Fire      20%        2x1d5     16%         1
 Lesser Beckoning         Tloc           28%        N/A       10%         2
 Gell's Gravitas          Tloc           14%        N/A       19%         3
 Ignite Poison            Fire/Tmut/Pois 4%         N/A       47%         3


Dungeon Overview and Level Annotations

Branches:
Dungeon (4/15)
 Temple: D:4-7

Altars:
Okawaru
Vehumet
Zin

Shops:
D:2 =   D:4 (


Message History

Aiming: Vampiric Draining (astonishingly dangerous; 26% risk of failure)
Press: ? - help, Shift-Dir - straight line, f/p - gnoll
Aim: a gnoll, wielding a +0 spear (moderately wounded)
You draw life force from the gnoll.
You feel life coursing into your body. The gnoll hits you with a +0 spear!
Casting: Vampiric Draining (astonishingly dangerous; 26% risk of failure)
Confirm with . or Enter, or press ? or * to list all spells.
The spell is astonishingly dangerous to miscast (26% risk of failure)!
Continue anyway?
Aiming: Vampiric Draining (astonishingly dangerous; 26% risk of failure)
Press: ? - help, Shift-Dir - straight line, f/p - gnoll
Aim: a gnoll, wielding a +0 spear (heavily wounded)
You miscast Vampiric Draining.
Nothing appears to happen.
The gnoll barely misses you.
Casting: Vampiric Draining (astonishingly dangerous; 26% risk of failure)
Confirm with . or Enter, or press ? or * to list all spells.
You don't have enough magic to cast this spell.
There are monsters nearby!
Unknown command.
Unknown command.
You barely miss the gnoll.
The gnoll is heavily wounded.
The gnoll hits you with a +0 spear.
You hit the gnoll. You freeze the gnoll.
The gnoll is severely wounded.
You block the gnoll's attack.
You closely miss the gnoll.
The gnoll is severely wounded.
The gnoll hits you with a +0 spear.
* * * LOW HITPOINT WARNING * * *
You hit the gnoll. You freeze the gnoll.
The gnoll is almost dead.
The gnoll hits you but does no damage.
Casting: Vampiric Draining (astonishingly dangerous; 26% risk of failure)
Confirm with . or Enter, or press ? or * to list all spells.
Aiming: Magic Dart (safe; 14% risk of failure)
Press: ? - help, Shift-Dir - straight line, f/p - gnoll
Aim: a gnoll, wielding a +0 spear (almost dead, 100% to hit)
You miscast Magic Dart.
Nothing appears to happen.
The gnoll hits you with a +0 spear!
You die...

.......##.#
#.#
######.##.#
#.# #.##.#
#.# #....#
#.# ######
#.# #.# #l#
#g# #@# ###


You could see a gnoll and a frilled lizard.

Vanquished Creatures
  2 dart slugs
  3 orcs (D:3)
  4 endoplasms
  8 goblins
  3 hobgoblins
  A quokka (D:1)
  6 ball pythons
  4 bats
  3 frilled lizards
  5 kobolds
39 creatures vanquished.

Notes
Turn   | Place    | Note
-------+----------+-------------------------------------------
     0 | D:1      | Esekla the Deep Elf Wanderer began the quest for the Orb.
     0 | D:1      | Esekla set off with the following items: a +0 club, a
                  | potion of lignification, a +0 robe, a +0 buckler; and the
                  | following spells available to memorise: Apportation, Blink,
                  | Lesser Beckoning, Magic Dart, Ignite Poison, Vampiric
                  | Draining.
     0 | D:1      | Reached XP level 1. HP: 10/10 MP: 7/7
     2 | D:1      | Learned a level 1 spell: Magic Dart
     4 | D:1      | Learned a level 1 spell: Apportation
   392 | D:4      | Found a radiant altar of Vehumet.
   396 | D:4      | Became a worshipper of Vehumet
   414 | D:4      | Found an iron altar of Okawaru.
   422 | D:4      | Found a glowing silver altar of Zin.
   590 | D:4      | Found Ponaysk's Antique Weapon Boutique.
   801 | D:3      | Reached XP level 2. HP: 15/15 MP: 7/9
   804 | D:3      | Learned a level 2 spell: Blink
   877 | D:3      | Reached skill level 1 in Necromancy
  1092 | D:2      | Found Renulab's Jewellery Shop.
  1181 | D:3      | Identified the +5 rapier of the Hero {heavy, rN+ Dex+3}
  1357 | D:3      | Reached skill level 5 in Spellcasting
  1519 | D:3      | Reached skill level 1 in Dodging
  1599 | D:1      | Reached XP level 3. HP: 19/19 MP: 5/11
  1603 | D:1      | Learned a level 3 spell: Vampiric Draining
  2106 | D:1      | Reached * piety under Vehumet
  2106 | D:1      | Offered knowledge of Foxfire by Vehumet.
  2120 | D:1      | Learned a level 3 spell: Teleport Other
  2216 | D:2      | Noticed a black bear
  2283 | D:3      | Slain by a gnoll

Illustrated notes

Levels and vault maps discovered:
D:1:      sevenhm_arrival_forest_fort_small_3, layout_rooms,
          chequers_serial_rivers_room_b, minmay_misc_feat_five
D:2:      layout_loops_ring, dreamdust_ecumenical_altar_angels_and_demons,
          serial_shops, shop
D:3:      layout_basic, grunt_temple_overflow_open, minmay_misc_feat_iff
D:4:      layout_basic, nicolae_overflow_quartered_altars, serial_shops,
          nicolae_diamond_shop

Skill      XL: |  1  2 |
---------------+-------+-----
Necromancy     | 1 |  1.8
Spellcasting   | 5 |  5.2
Dodging        | 1 |  1.4
Short Blades   | |  0.1
Stealth        | |  1.2
Shields        | |  1.5
Conjurations   | |  0.4
Translocations | |  2.4
Invocations    | |  1.1

Action                     || total
---------------------------++-------
  Melee: Short sword       ||    58
   Cast: Apportation       ||    32
         Magic Dart        ||    64
         Vampiric Draining ||     1
    Use: Scroll            ||     1
 Armour: Robe              ||    16
  Dodge: Dodged            ||    38
  Block: Buckler           ||    13
